[ AOE2 MATCH · #507339866 ]
UnrankedKhmer vs Teutons
[ REPLAY ANALYSIS · EXTRACTED FROM THE RECORDED GAME ]
Feudal
11:45
Castle
15:42
Imperial
34:55
| APM avg | 38.6 |
| APM peak | 82 |
| eAPM avg | 20.3 |
| Villagers / military | 110 / 118 |
Focus
⚔️ 19.3% · 🌾 80.7%
Battle Elephant ×74 · Knight ×24 · Ballista Elephant ×17 · Scout Cavalry ×3
Feudal
10:15
Castle
14:11
Imperial
34:34
| APM avg | 35.0 |
| APM peak | 64 |
| eAPM avg | 19.3 |
| Villagers / military | 158 / 66 |
Focus
⚔️ 24.3% · 🌾 75.7%
Teutonic Knight ×48 · Trade Cart ×24 · Trebuchet (Packed) ×8 · Monk ×5 · Knight ×5
Feudal
10:36
Castle
16:59
Imperial
33:54
| APM avg | 20.5 |
| APM peak | 47 |
| eAPM avg | 12.9 |
| Villagers / military | 154 / 69 |
Focus
⚔️ 21.5% · 🌾 78.5%
Knight ×69
Feudal
11:36
Castle
15:52
Imperial
35:25
| APM avg | 27.9 |
| APM peak | 64 |
| eAPM avg | 10.3 |
| Villagers / military | 106 / 90 |
Focus
⚔️ 20.9% · 🌾 79.1%
Ballista Elephant ×90 · Trade Cart ×55
Feudal
10:22
Castle
18:07
Imperial
36:10
| APM avg | 22.6 |
| APM peak | 61 |
| eAPM avg | 13.2 |
| Villagers / military | 128 / 44 |
Focus
⚔️ 21.3% · 🌾 78.7%
Tarkan ×44
Feudal
10:27
Castle
14:50
Imperial
39:34
| APM avg | 42.0 |
| APM peak | 111 |
| eAPM avg | 14.8 |
| Villagers / military | 89 / 70 |
Focus
⚔️ 19.6% · 🌾 80.4%
Conquistador ×70
Feudal
16:39
Castle
—
Imperial
—
| APM avg | 12.1 |
| APM peak | 42 |
| eAPM avg | 5.7 |
| Villagers / military | 74 / 0 |
Focus
⚔️ 13.8% · 🌾 86.2%
Trade Cart ×4
Feudal
9:41
Castle
16:07
Imperial
—
| APM avg | 20.6 |
| APM peak | 46 |
| eAPM avg | 10.7 |
| Villagers / military | 100 / 48 |
Focus
⚔️ 24.6% · 🌾 75.4%
Spearman ×30 · War Elephant ×18
Match map
Initial resources + every placement click. Lines = walls · curves = elevation contours. ◆ gold · ⬟ stone · ● berries · ✦ relic · ◌ wall gap
Your base· Open — unwalled flank
α's base· Open — unwalled flank
Maximus's base· Open — unwalled flank
Efyix's base· Open — unwalled flank
HaweN's base· Open — unwalled flank
Deltamale's base· Open — unwalled flank
17882110426's base· Open — unwalled flank
Haseki Hürrem Sultan's base· Open — unwalled flank
Smoothed initial terrain · ◌ = detected wall gap · hover for details
Inputs per minute
— CDLP_Themachine - - α
Build order — CDLP_Themachine
First 150 of 283 actions detected
| 0:02 | Queue | Villager (Male) |
| 0:02 | Queue | Villager (Male) |
| 0:02 | Queue | Villager (Male) |
| 0:02 | Queue | Villager (Male) |
| 0:06 | Build | House |
| 0:06 | Build | House |
| 1:34 | Queue | Villager (Male) |
| 1:54 | Build | Mining Camp |
| 2:23 | Queue | Villager (Male) |
| 2:23 | Queue | Villager (Male) |
| 2:37 | Queue | Villager (Male) |
| 2:37 | Queue | Villager (Male) |
| 3:14 | Queue | Villager (Male) |
| 3:14 | Queue | Villager (Male) |
| 3:15 | Queue | Villager (Male) |
| 3:32 | Build | House |
| 3:48 | Queue | Villager (Male) |
| 3:48 | Queue | Villager (Male) |
| 3:49 | Research | Loom |
| 4:17 | Queue | Villager (Male) |
| 4:17 | Queue | Villager (Male) |
| 4:39 | Research | Loom |
| 4:49 | Build | Lumber Camp |
| 4:56 | Queue | Villager (Male) |
| 4:56 | Queue | Villager (Male) |
| 4:57 | Queue | Villager (Male) |
| 5:25 | Queue | Villager (Male) |
| 5:25 | Queue | Villager (Male) |
| 5:58 | Queue | Villager (Male) |
| 5:58 | Queue | Villager (Male) |
| 6:15 | Build | House |
| 6:17 | Build | Palisade Wall |
| 6:31 | Queue | Villager (Male) |
| 6:31 | Queue | Villager (Male) |
| 6:56 | Build | Palisade Wall |
| 7:00 | Queue | Villager (Male) |
| 7:01 | Queue | Villager (Male) |
| 7:07 | Queue | Villager (Male) |
| 7:08 | Queue | Villager (Male) |
| 7:09 | Queue | Villager (Male) |
| 7:09 | Queue | Villager (Male) |
| 7:14 | Queue | Villager (Male) |
| 7:15 | Queue | Villager (Male) |
| 7:15 | Queue | Villager (Male) |
| 7:34 | Build | House |
| 7:41 | Queue | Villager (Male) |
| 7:41 | Queue | Villager (Male) |
| 7:41 | Queue | Villager (Male) |
| 7:42 | Queue | Villager (Male) |
| 8:01 | Queue | Villager (Male) |
| 8:01 | Queue | Villager (Male) |
| 8:02 | Queue | Villager (Male) |
| 8:58 | Build | House |
| 9:27 | Build | Mill |
| 9:35 | Research | Feudal Age |
| 9:39 | Build | Mining Camp |
| 10:36 | Build | Mill |
| 11:14 | Build | Palisade Wall |
| 11:36 | Build | Palisade Wall |
| 11:45 | Age | Feudal Age |
| 12:08 | Build | Palisade Wall |
| 13:02 | Research | Castle Age |
| 13:11 | Build | Palisade Wall |
| 13:43 | Research | Double-Bit Axe |
| 13:50 | Research | Horse Collar |
| 14:19 | Build | Barracks |
| 15:16 | Build | Palisade Gate |
| 15:28 | Build | House |
| 15:36 | Research | Wheelbarrow |
| 15:42 | Age | Castle Age |
| 15:55 | Build | Stable |
| 16:27 | Queue | Villager (Male) |
| 16:27 | Queue | Villager (Male) |
| 17:06 | Queue | Knight |
| 17:06 | Queue | Knight |
| 17:06 | Queue | Knight |
| 17:06 | Queue | Knight |
| 17:07 | Queue | Knight |
| 17:14 | Build | Stable |
| 17:16 | Queue | Villager (Male) |
| 17:26 | Build | Farm |
| 17:53 | Build | House |
| 17:54 | Build | House |
| 18:16 | Queue | Knight |
| 18:32 | Build | Town Center |
| 18:36 | Queue | Villager (Male) |
| 18:36 | Queue | Villager (Male) |
| 18:37 | Queue | Villager (Male) |
| 19:00 | Queue | Villager (Male) |
| 19:05 | Build | Farm |
| 19:31 | Build | House |
| 19:36 | Build | House |
| 19:38 | Build | House |
| 19:39 | Build | House |
| 19:42 | Queue | Villager (Male) |
| 19:42 | Queue | Villager (Male) |
| 19:42 | Queue | Villager (Male) |
| 19:45 | Queue | Villager (Male) |
| 19:45 | Queue | Villager (Male) |
| 20:23 | Queue | Villager (Male) |
| 20:23 | Queue | Villager (Male) |
| 20:26 | Build | Farm |
| 20:28 | Build | Farm |
| 20:30 | Queue | Villager (Male) |
| 20:30 | Queue | Villager (Male) |
| 20:34 | Build | Farm |
| 20:34 | Build | Farm |
| 20:35 | Build | Farm |
| 20:35 | Build | Farm |
| 20:40 | Queue | Villager (Male) |
| 20:40 | Queue | Villager (Male) |
| 20:59 | Build | Farm |
| 20:59 | Build | Farm |
| 20:59 | Build | Farm |
| 20:59 | Build | Farm |
| 20:59 | Build | Farm |
| 21:00 | Build | Farm |
| 21:00 | Build | Farm |
| 21:01 | Build | Farm |
| 21:01 | Build | Farm |
| 21:04 | Build | Farm |
| 21:06 | Queue | Villager (Male) |
| 21:06 | Queue | Villager (Male) |
| 21:08 | Queue | Villager (Male) |
| 21:08 | Queue | Villager (Male) |
| 21:43 | Build | Farm |
| 21:44 | Build | Farm |
| 21:44 | Build | Farm |
| 21:44 | Build | Farm |
| 21:44 | Build | Farm |
| 21:45 | Build | Farm |
| 21:45 | Build | Farm |
| 22:02 | Build | Farm |
| 22:03 | Queue | Villager (Male) |
| 22:03 | Queue | Villager (Male) |
| 22:03 | Queue | Villager (Male) |
| 22:04 | Queue | Villager (Male) |
| 22:30 | Build | House |
| 22:31 | Build | House |
| 22:42 | Queue | Villager (Male) |
| 22:43 | Queue | Villager (Male) |
| 22:43 | Queue | Villager (Male) |
| 22:43 | Queue | Villager (Male) |
| 22:43 | Queue | Villager (Male) |
| 23:03 | Queue | Knight |
| 23:03 | Queue | Knight |
| 23:03 | Queue | Knight |
| 23:16 | Build | Farm |
| 23:16 | Build | Farm |
| 23:17 | Build | Farm |
Build order — α
First 150 of 448 actions detected
| 0:00 | Queue | Villager (Male) |
| 0:01 | Queue | Villager (Male) |
| 0:01 | Queue | Villager (Male) |
| 0:02 | Build | House |
| 0:04 | Build | House |
| 0:04 | Queue | Villager (Male) |
| 0:04 | Queue | Villager (Male) |
| 1:30 | Queue | Villager (Male) |
| 1:31 | Queue | Villager (Male) |
| 1:45 | Build | Lumber Camp |
| 2:01 | Queue | Villager (Male) |
| 2:01 | Queue | Villager (Male) |
| 2:28 | Queue | Villager (Male) |
| 2:28 | Queue | Villager (Male) |
| 2:51 | Queue | Villager (Male) |
| 2:51 | Queue | Villager (Male) |
| 2:52 | Queue | Villager (Male) |
| 3:27 | Build | House |
| 3:32 | Queue | Villager (Male) |
| 4:11 | Queue | Villager (Male) |
| 4:11 | Queue | Villager (Male) |
| 4:14 | Build | Mill |
| 4:38 | Queue | Villager (Male) |
| 4:39 | Queue | Villager (Male) |
| 4:40 | Queue | Villager (Male) |
| 5:21 | Queue | Villager (Male) |
| 5:22 | Queue | Villager (Male) |
| 5:42 | Queue | Villager (Male) |
| 5:43 | Queue | Villager (Male) |
| 5:59 | Build | House |
| 6:04 | Queue | Villager (Male) |
| 6:05 | Queue | Villager (Male) |
| 6:13 | Queue | Villager (Male) |
| 6:39 | Queue | Villager (Male) |
| 6:39 | Queue | Villager (Male) |
| 6:39 | Queue | Villager (Male) |
| 7:50 | Build | Mining Camp |
| 8:05 | Research | Feudal Age |
| 8:05 | Research | Feudal Age |
| 8:22 | Queue | Villager (Male) |
| 8:23 | Queue | Villager (Male) |
| 8:45 | Queue | Villager (Male) |
| 10:15 | Age | Feudal Age |
| 10:19 | Build | Market |
| 10:24 | Build | Blacksmith |
| 11:17 | Research | Loom |
| 11:31 | Research | Castle Age |
| 11:31 | Research | Castle Age |
| 12:02 | Research | Loom |
| 12:07 | Queue | Villager (Male) |
| 12:08 | Queue | Villager (Male) |
| 13:07 | Research | Double-Bit Axe |
| 14:11 | Age | Castle Age |
| 14:15 | Build | Palisade Wall |
| 14:24 | Build | Town Center |
| 15:14 | Build | Farm |
| 15:23 | Queue | Villager (Male) |
| 15:23 | Queue | Villager (Male) |
| 15:29 | Build | House |
| 15:43 | Build | Town Center |
| 15:52 | Build | Palisade Wall |
| 16:03 | Build | Palisade Wall |
| 16:04 | Queue | Villager (Male) |
| 16:05 | Queue | Villager (Male) |
| 16:11 | Build | House |
| 16:21 | Build | Farm |
| 16:23 | Build | Farm |
| 16:27 | Queue | Villager (Male) |
| 16:48 | Queue | Villager (Male) |
| 16:57 | Queue | Villager (Male) |
| 17:12 | Queue | Villager (Male) |
| 17:15 | Build | House |
| 17:26 | Build | Farm |
| 17:28 | Build | Farm |
| 17:32 | Build | Farm |
| 17:32 | Build | Farm |
| 17:32 | Build | Farm |
| 17:32 | Build | Farm |
| 17:34 | Queue | Villager (Male) |
| 17:38 | Queue | Villager (Male) |
| 17:54 | Build | Farm |
| 17:57 | Queue | Villager (Male) |
| 18:03 | Build | House |
| 18:10 | Queue | Villager (Male) |
| 18:16 | Build | Monastery |
| 18:26 | Queue | Villager (Male) |
| 18:37 | Queue | Villager (Male) |
| 18:37 | Queue | Villager (Male) |
| 18:41 | Queue | Villager (Male) |
| 18:41 | Queue | Villager (Male) |
| 18:41 | Queue | Villager (Male) |
| 18:51 | Build | Farm |
| 18:52 | Build | Farm |
| 18:52 | Build | Farm |
| 18:52 | Build | Farm |
| 18:52 | Build | Farm |
| 18:52 | Build | Farm |
| 19:02 | Queue | Villager (Male) |
| 19:05 | Build | Mining Camp |
| 19:09 | Queue | Monk |
| 19:16 | Build | Outpost |
| 19:17 | Queue | Villager (Male) |
| 19:17 | Queue | Villager (Male) |
| 19:20 | Build | House |
| 19:33 | Queue | Villager (Male) |
| 19:33 | Queue | Villager (Male) |
| 19:38 | Build | Farm |
| 19:41 | Build | Farm |
| 19:45 | Build | Farm |
| 19:49 | Queue | Villager (Male) |
| 19:57 | Queue | Villager (Male) |
| 20:01 | Build | House |
| 20:03 | Build | House |
| 20:03 | Build | House |
| 20:04 | Queue | Villager (Male) |
| 20:04 | Queue | Villager (Male) |
| 20:15 | Queue | Villager (Male) |
| 20:15 | Queue | Villager (Male) |
| 20:18 | Queue | Monk |
| 20:32 | Queue | Villager (Male) |
| 20:33 | Queue | Villager (Male) |
| 20:38 | Build | Outpost |
| 20:39 | Queue | Villager (Male) |
| 20:39 | Queue | Villager (Male) |
| 20:51 | Build | House |
| 21:11 | Build | Farm |
| 21:11 | Build | Farm |
| 21:12 | Build | Farm |
| 21:12 | Build | Farm |
| 21:12 | Build | Farm |
| 21:12 | Build | Farm |
| 21:12 | Build | Farm |
| 21:13 | Queue | Villager (Male) |
| 21:14 | Queue | Villager (Male) |
| 21:14 | Queue | Villager (Male) |
| 21:15 | Queue | Villager (Male) |
| 21:15 | Queue | Villager (Male) |
| 21:34 | Queue | Villager (Male) |
| 21:34 | Queue | Villager (Male) |
| 21:42 | Build | Market |
| 21:49 | Build | Market |
| 21:50 | Build | Market |
| 21:54 | Queue | Villager (Male) |
| 21:54 | Queue | Villager (Male) |
| 21:55 | Queue | Villager (Male) |
| 21:57 | Build | House |
| 22:03 | Queue | Villager (Male) |
| 22:04 | Queue | Villager (Male) |
| 22:07 | Build | Mill |
| 22:08 | Build | Farm |
Build order — Maximus
First 150 of 333 actions detected
| 0:02 | Queue | Villager (Male) |
| 0:02 | Queue | Villager (Male) |
| 0:02 | Queue | Villager (Male) |
| 0:04 | Build | House |
| 0:05 | Build | House |
| 0:19 | Queue | Villager (Male) |
| 0:19 | Queue | Villager (Male) |
| 1:29 | Queue | Villager (Male) |
| 1:30 | Queue | Villager (Male) |
| 1:57 | Queue | Villager (Male) |
| 1:58 | Queue | Villager (Male) |
| 2:43 | Build | Lumber Camp |
| 2:46 | Queue | Villager (Male) |
| 2:46 | Queue | Villager (Male) |
| 3:15 | Queue | Villager (Male) |
| 3:15 | Queue | Villager (Male) |
| 3:37 | Queue | Villager (Male) |
| 3:37 | Queue | Villager (Male) |
| 4:02 | Build | House |
| 4:09 | Build | House |
| 4:10 | Build | House |
| 4:13 | Queue | Villager (Male) |
| 4:13 | Queue | Villager (Male) |
| 4:28 | Queue | Villager (Male) |
| 4:49 | Queue | Villager (Male) |
| 5:39 | Queue | Villager (Male) |
| 5:40 | Queue | Villager (Male) |
| 5:58 | Build | Mill |
| 6:48 | Queue | Villager (Male) |
| 6:48 | Queue | Villager (Male) |
| 6:49 | Queue | Villager (Male) |
| 7:05 | Queue | Villager (Male) |
| 7:35 | Build | Palisade Gate |
| 7:39 | Build | Palisade Wall |
| 7:44 | Queue | Villager (Male) |
| 7:45 | Queue | Villager (Male) |
| 8:32 | Research | Feudal Age |
| 9:12 | Build | House |
| 9:14 | Build | Mining Camp |
| 10:30 | Queue | Villager (Male) |
| 10:31 | Queue | Villager (Male) |
| 10:31 | Queue | Villager (Male) |
| 10:36 | Age | Feudal Age |
| 10:43 | Build | Market |
| 10:47 | Build | Blacksmith |
| 11:08 | Research | Loom |
| 14:16 | Build | Lumber Camp |
| 14:28 | Research | Double-Bit Axe |
| 14:34 | Research | Castle Age |
| 15:17 | Build | Palisade Wall |
| 15:28 | Build | Palisade Wall |
| 16:36 | Build | Barracks |
| 16:59 | Age | Castle Age |
| 17:07 | Build | Town Center |
| 17:16 | Queue | Villager (Male) |
| 17:16 | Queue | Villager (Male) |
| 17:17 | Queue | Villager (Male) |
| 17:17 | Queue | Villager (Male) |
| 17:17 | Queue | Villager (Male) |
| 17:43 | Build | Town Center |
| 18:09 | Build | Palisade Wall |
| 18:13 | Queue | Villager (Male) |
| 18:13 | Queue | Villager (Male) |
| 18:13 | Queue | Villager (Male) |
| 18:21 | Build | Farm |
| 18:21 | Build | Farm |
| 18:22 | Build | Farm |
| 18:24 | Build | Farm |
| 19:01 | Build | Farm |
| 19:01 | Build | Farm |
| 19:21 | Build | Mining Camp |
| 19:27 | Build | House |
| 19:28 | Build | House |
| 19:29 | Build | House |
| 19:29 | Build | House |
| 19:33 | Build | House |
| 19:50 | Queue | Villager (Male) |
| 19:50 | Queue | Villager (Male) |
| 19:55 | Queue | Villager (Male) |
| 19:55 | Queue | Villager (Male) |
| 19:56 | Queue | Villager (Male) |
| 19:56 | Queue | Villager (Male) |
| 19:56 | Queue | Villager (Male) |
| 19:56 | Queue | Villager (Male) |
| 19:56 | Queue | Villager (Male) |
| 19:57 | Queue | Villager (Male) |
| 19:57 | Queue | Villager (Male) |
| 19:57 | Queue | Villager (Male) |
| 19:57 | Queue | Villager (Male) |
| 20:08 | Build | Farm |
| 20:18 | Queue | Villager (Male) |
| 20:20 | Build | Farm |
| 20:24 | Build | Farm |
| 20:55 | Build | Mining Camp |
| 20:58 | Queue | Villager (Male) |
| 20:58 | Queue | Villager (Male) |
| 20:59 | Queue | Villager (Male) |
| 21:20 | Build | Gate |
| 21:27 | Build | Stone Wall |
| 21:29 | Build | Stone Wall |
| 21:43 | Queue | Villager (Male) |
| 21:43 | Queue | Villager (Male) |
| 21:44 | Queue | Villager (Male) |
| 21:54 | Queue | Villager (Male) |
| 22:01 | Build | House |
| 22:02 | Build | House |
| 22:11 | Build | Farm |
| 22:14 | Build | Farm |
| 22:14 | Build | Farm |
| 22:15 | Build | Farm |
| 22:20 | Build | Farm |
| 22:20 | Build | Farm |
| 22:21 | Build | Farm |
| 23:07 | Build | Farm |
| 23:20 | Queue | Villager (Male) |
| 23:20 | Queue | Villager (Male) |
| 23:21 | Queue | Villager (Male) |
| 23:21 | Queue | Villager (Male) |
| 23:21 | Queue | Villager (Male) |
| 23:21 | Queue | Villager (Male) |
| 23:22 | Queue | Villager (Male) |
| 23:53 | Build | Stone Wall |
| 24:23 | Build | Stable |
| 24:25 | Build | Stable |
| 24:26 | Build | Stable |
| 24:30 | Queue | Villager (Male) |
| 24:31 | Queue | Villager (Male) |
| 24:31 | Queue | Villager (Male) |
| 24:31 | Queue | Villager (Male) |
| 24:31 | Queue | Villager (Male) |
| 24:32 | Queue | Villager (Male) |
| 24:32 | Queue | Villager (Male) |
| 24:32 | Queue | Villager (Male) |
| 24:40 | Build | House |
| 24:40 | Build | House |
| 24:40 | Build | House |
| 24:41 | Build | House |
| 24:41 | Build | House |
| 24:41 | Build | House |
| 24:41 | Build | House |
| 24:42 | Build | House |
| 24:42 | Build | House |
| 24:43 | Build | House |
| 24:43 | Build | House |
| 24:44 | Build | House |
| 24:44 | Build | House |
| 24:55 | Build | Farm |
| 24:59 | Build | House |
| 25:01 | Build | House |
| 25:02 | Build | House |
Build order — Efyix
First 150 of 291 actions detected
| 0:02 | Build | House |
| 0:03 | Build | House |
| 0:04 | Queue | Villager (Male) |
| 0:04 | Queue | Villager (Male) |
| 0:05 | Queue | Villager (Male) |
| 0:05 | Queue | Villager (Male) |
| 0:05 | Queue | Villager (Male) |
| 0:05 | Queue | Villager (Male) |
| 1:33 | Queue | Villager (Male) |
| 1:33 | Queue | Villager (Male) |
| 2:02 | Build | Lumber Camp |
| 2:14 | Queue | Villager (Male) |
| 2:14 | Queue | Villager (Male) |
| 3:08 | Queue | Villager (Male) |
| 3:09 | Queue | Villager (Male) |
| 3:09 | Queue | Villager (Male) |
| 3:09 | Queue | Villager (Male) |
| 3:54 | Build | House |
| 4:04 | Queue | Villager (Male) |
| 4:04 | Queue | Villager (Male) |
| 4:04 | Queue | Villager (Male) |
| 4:32 | Queue | Villager (Male) |
| 4:33 | Queue | Villager (Male) |
| 4:33 | Queue | Villager (Male) |
| 5:02 | Queue | Villager (Male) |
| 5:02 | Queue | Villager (Male) |
| 5:02 | Queue | Villager (Male) |
| 5:02 | Queue | Villager (Male) |
| 5:47 | Build | House |
| 6:31 | Queue | Villager (Male) |
| 6:31 | Queue | Villager (Male) |
| 6:32 | Queue | Villager (Male) |
| 6:32 | Queue | Villager (Male) |
| 6:32 | Queue | Villager (Male) |
| 6:41 | Build | Mill |
| 7:32 | Queue | Villager (Male) |
| 9:20 | Queue | Villager (Male) |
| 9:26 | Research | Feudal Age |
| 10:43 | Queue | Villager (Male) |
| 11:36 | Age | Feudal Age |
| 11:45 | Queue | Villager (Male) |
| 11:59 | Build | House |
| 12:05 | Build | Market |
| 12:11 | Build | Blacksmith |
| 12:43 | Build | Farm |
| 12:54 | Build | Farm |
| 12:56 | Build | Farm |
| 13:12 | Research | Castle Age |
| 13:16 | Build | Farm |
| 13:18 | Build | Farm |
| 13:21 | Build | Farm |
| 14:36 | Queue | Villager (Male) |
| 14:37 | Queue | Villager (Male) |
| 14:39 | Queue | Villager (Male) |
| 14:39 | Queue | Villager (Male) |
| 14:40 | Queue | Villager (Male) |
| 15:13 | Build | Palisade Wall |
| 15:34 | Research | Double-Bit Axe |
| 15:37 | Research | Horse Collar |
| 15:52 | Age | Castle Age |
| 16:23 | Build | Palisade Wall |
| 16:33 | Build | Farm |
| 16:35 | Build | Farm |
| 16:42 | Build | Farm |
| 16:52 | Build | House |
| 17:03 | Build | Mining Camp |
| 17:07 | Queue | Villager (Male) |
| 17:08 | Research | Loom |
| 17:10 | Build | Farm |
| 17:39 | Build | Mining Camp |
| 17:46 | Research | Bow Saw |
| 17:49 | Research | Heavy Plow |
| 18:23 | Queue | Villager (Male) |
| 18:25 | Queue | Villager (Male) |
| 18:27 | Queue | Villager (Male) |
| 18:48 | Build | Outpost |
| 19:06 | Research | Gold Mining |
| 19:10 | Research | Stone Mining |
| 19:54 | Build | Town Center |
| 20:08 | Research | Stone Shaft Mining |
| 20:18 | Queue | Villager (Male) |
| 20:21 | Build | House |
| 20:37 | Build | House |
| 20:42 | Queue | Villager (Male) |
| 20:42 | Queue | Villager (Male) |
| 20:43 | Queue | Villager (Male) |
| 20:46 | Queue | Villager (Male) |
| 20:51 | Research | Gold Shaft Mining |
| 21:20 | Build | Stone Wall |
| 21:54 | Build | Town Center |
| 21:58 | Queue | Villager (Male) |
| 21:59 | Queue | Villager (Male) |
| 21:59 | Queue | Villager (Male) |
| 22:00 | Queue | Villager (Male) |
| 22:17 | Build | Farm |
| 22:35 | Build | House |
| 22:36 | Queue | Villager (Male) |
| 22:37 | Queue | Villager (Male) |
| 23:00 | Build | Farm |
| 23:02 | Queue | Villager (Male) |
| 23:05 | Queue | Villager (Male) |
| 23:16 | Build | Farm |
| 23:19 | Queue | Villager (Male) |
| 23:20 | Queue | Villager (Male) |
| 23:20 | Queue | Villager (Male) |
| 23:22 | Queue | Villager (Male) |
| 23:22 | Queue | Villager (Male) |
| 23:24 | Research | Wheelbarrow |
| 23:52 | Build | Barracks |
| 24:15 | Build | Farm |
| 24:32 | Build | Barracks |
| 25:13 | Build | Castle |
| 25:24 | Build | Farm |
| 25:28 | Build | Farm |
| 25:41 | Research | Hand Cart |
| 25:43 | Queue | Villager (Male) |
| 25:45 | Queue | Villager (Male) |
| 25:47 | Queue | Villager (Male) |
| 25:48 | Queue | Villager (Male) |
| 25:49 | Queue | Villager (Male) |
| 25:50 | Queue | Villager (Male) |
| 25:50 | Queue | Villager (Male) |
| 25:50 | Queue | Villager (Male) |
| 26:24 | Build | Market |
| 27:15 | Build | Farm |
| 27:19 | Build | House |
| 27:22 | Build | House |
| 27:39 | Build | Town Center |
| 27:56 | Build | Market |
| 28:08 | Build | Mining Camp |
| 28:19 | Build | Archery Range |
| 28:24 | Build | University |
| 28:37 | Build | Stable |
| 28:43 | Queue | Ballista Elephant |
| 28:44 | Queue | Ballista Elephant |
| 28:45 | Queue | Ballista Elephant |
| 28:45 | Queue | Ballista Elephant |
| 28:46 | Queue | Ballista Elephant |
| 28:48 | Queue | Ballista Elephant |
| 28:49 | Queue | Ballista Elephant |
| 29:27 | Queue | Villager (Male) |
| 29:28 | Queue | Villager (Male) |
| 29:29 | Queue | Villager (Male) |
| 29:30 | Queue | Villager (Male) |
| 29:30 | Queue | Villager (Male) |
| 29:31 | Queue | Villager (Male) |
| 29:31 | Queue | Villager (Male) |
| 29:31 | Queue | Villager (Male) |
| 29:32 | Queue | Villager (Male) |
| 29:32 | Queue | Villager (Male) |
Build order — HaweN
First 150 of 293 actions detected
| 0:02 | Queue | Villager (Male) |
| 0:03 | Queue | Villager (Male) |
| 0:03 | Queue | Villager (Male) |
| 0:55 | Queue | Villager (Male) |
| 0:56 | Queue | Villager (Male) |
| 1:57 | Queue | Villager (Male) |
| 1:57 | Queue | Villager (Male) |
| 1:57 | Queue | Villager (Male) |
| 2:22 | Queue | Villager (Male) |
| 2:23 | Queue | Villager (Male) |
| 3:08 | Queue | Villager (Male) |
| 3:08 | Queue | Villager (Male) |
| 3:39 | Queue | Villager (Male) |
| 4:09 | Queue | Villager (Male) |
| 4:09 | Queue | Villager (Male) |
| 4:54 | Queue | Villager (Male) |
| 4:54 | Queue | Villager (Male) |
| 4:55 | Queue | Villager (Male) |
| 5:12 | Build | Lumber Camp |
| 6:04 | Queue | Villager (Male) |
| 6:05 | Queue | Villager (Male) |
| 6:05 | Queue | Villager (Male) |
| 6:06 | Queue | Villager (Male) |
| 6:06 | Queue | Villager (Male) |
| 6:36 | Build | Mill |
| 6:53 | Queue | Villager (Male) |
| 7:02 | Queue | Villager (Male) |
| 7:34 | Queue | Villager (Male) |
| 8:12 | Research | Feudal Age |
| 8:24 | Build | Barracks |
| 8:39 | Build | Mining Camp |
| 9:26 | Build | Palisade Wall |
| 9:36 | Build | Palisade Wall |
| 10:00 | Queue | Villager (Male) |
| 10:01 | Queue | Villager (Male) |
| 10:14 | Build | Palisade Gate |
| 10:22 | Age | Feudal Age |
| 10:26 | Build | Palisade Wall |
| 10:35 | Build | Palisade Gate |
| 10:38 | Queue | Villager (Male) |
| 11:10 | Build | Stable |
| 11:34 | Queue | Villager (Male) |
| 12:01 | Build | Blacksmith |
| 12:10 | Queue | Villager (Male) |
| 12:10 | Queue | Villager (Male) |
| 12:35 | Build | Farm |
| 12:37 | Build | Farm |
| 12:52 | Queue | Villager (Male) |
| 12:52 | Queue | Villager (Male) |
| 13:46 | Build | Market |
| 13:50 | Queue | Villager (Male) |
| 13:56 | Build | Farm |
| 14:09 | Build | Farm |
| 14:23 | Queue | Villager (Male) |
| 14:46 | Build | Stone Wall |
| 14:52 | Queue | Villager (Male) |
| 14:58 | Build | Farm |
| 14:59 | Build | Farm |
| 15:01 | Build | Farm |
| 15:09 | Build | Farm |
| 15:27 | Research | Castle Age |
| 15:27 | Research | Castle Age |
| 15:41 | Research | Double-Bit Axe |
| 15:41 | Research | Double-Bit Axe |
| 16:14 | Build | Mining Camp |
| 16:26 | Research | Horse Collar |
| 16:26 | Research | Horse Collar |
| 17:10 | Queue | Villager (Male) |
| 17:11 | Queue | Villager (Male) |
| 17:11 | Queue | Villager (Male) |
| 17:15 | Research | Gold Mining |
| 17:59 | Research | Stone Mining |
| 18:03 | Queue | Villager (Male) |
| 18:07 | Age | Castle Age |
| 18:27 | Build | Town Center |
| 18:47 | Queue | Villager (Male) |
| 18:57 | Build | Stable |
| 19:21 | Queue | Villager (Male) |
| 19:21 | Queue | Villager (Male) |
| 19:25 | Queue | Villager (Male) |
| 19:49 | Queue | Villager (Male) |
| 20:14 | Queue | Villager (Male) |
| 20:14 | Queue | Villager (Male) |
| 20:22 | Queue | Villager (Male) |
| 20:22 | Queue | Villager (Male) |
| 20:55 | Build | Stable |
| 20:59 | Build | Stable |
| 21:17 | Build | Castle |
| 21:24 | Queue | Villager (Male) |
| 21:39 | Build | Farm |
| 21:41 | Build | Farm |
| 21:43 | Build | Farm |
| 21:45 | Build | Farm |
| 21:47 | Build | Farm |
| 21:49 | Build | Farm |
| 21:56 | Build | Farm |
| 22:01 | Queue | Villager (Male) |
| 22:01 | Queue | Villager (Male) |
| 22:13 | Queue | Villager (Male) |
| 22:13 | Queue | Villager (Male) |
| 22:42 | Queue | Villager (Male) |
| 22:42 | Queue | Villager (Male) |
| 22:45 | Research | Heavy Plow |
| 23:21 | Research | Marauders |
| 23:22 | Research | Marauders |
| 23:39 | Research | Wheelbarrow |
| 23:41 | Queue | Villager (Male) |
| 23:42 | Queue | Villager (Male) |
| 24:05 | Research | Husbandry |
| 24:14 | Build | Stable |
| 24:21 | Research | Gold Shaft Mining |
| 24:28 | Build | Farm |
| 24:44 | Queue | Tarkan |
| 24:44 | Queue | Tarkan |
| 24:44 | Queue | Tarkan |
| 24:54 | Queue | Tarkan |
| 24:54 | Queue | Tarkan |
| 24:54 | Queue | Tarkan |
| 25:11 | Build | Farm |
| 25:14 | Build | Farm |
| 25:15 | Build | Farm |
| 25:17 | Build | Farm |
| 25:18 | Build | Farm |
| 25:24 | Queue | Villager (Male) |
| 25:25 | Queue | Villager (Male) |
| 25:34 | Build | Farm |
| 25:41 | Build | Farm |
| 26:08 | Queue | Tarkan |
| 26:08 | Queue | Tarkan |
| 26:08 | Queue | Tarkan |
| 26:09 | Queue | Tarkan |
| 26:09 | Queue | Tarkan |
| 26:38 | Build | Town Center |
| 26:43 | Queue | Villager (Male) |
| 26:43 | Queue | Villager (Male) |
| 26:46 | Queue | Villager (Male) |
| 26:46 | Queue | Villager (Male) |
| 26:52 | Queue | Tarkan |
| 26:52 | Queue | Tarkan |
| 26:52 | Queue | Tarkan |
| 26:52 | Queue | Tarkan |
| 27:05 | Build | Farm |
| 27:17 | Queue | Tarkan |
| 27:18 | Queue | Tarkan |
| 27:18 | Queue | Tarkan |
| 27:18 | Queue | Tarkan |
| 27:18 | Queue | Tarkan |
| 27:43 | Build | University |
| 27:49 | Queue | Villager (Male) |
| 27:50 | Queue | Villager (Male) |
Build order — Deltamale
First 150 of 206 actions detected
| 0:01 | Queue | Villager (Male) |
| 0:01 | Queue | Villager (Male) |
| 0:03 | Build | House |
| 0:03 | Build | House |
| 0:31 | Queue | Villager (Male) |
| 1:05 | Queue | Villager (Male) |
| 1:26 | Queue | Villager (Male) |
| 1:52 | Build | Lumber Camp |
| 2:05 | Queue | Villager (Male) |
| 2:05 | Queue | Villager (Male) |
| 2:42 | Queue | Villager (Male) |
| 3:20 | Queue | Villager (Male) |
| 3:20 | Queue | Villager (Male) |
| 3:20 | Queue | Villager (Male) |
| 3:42 | Queue | Villager (Male) |
| 3:47 | Build | House |
| 4:22 | Queue | Villager (Male) |
| 4:32 | Queue | Villager (Male) |
| 4:58 | Queue | Villager (Male) |
| 4:58 | Queue | Villager (Male) |
| 5:17 | Queue | Villager (Male) |
| 5:17 | Queue | Villager (Male) |
| 5:39 | Build | House |
| 5:54 | Queue | Villager (Male) |
| 6:06 | Queue | Villager (Male) |
| 6:36 | Queue | Villager (Male) |
| 7:27 | Queue | Villager (Male) |
| 7:27 | Queue | Villager (Male) |
| 7:35 | Build | Mining Camp |
| 8:17 | Research | Feudal Age |
| 8:58 | Queue | Villager (Male) |
| 8:59 | Queue | Villager (Male) |
| 9:06 | Build | House |
| 10:25 | Queue | Villager (Male) |
| 10:27 | Age | Feudal Age |
| 10:27 | Research | Loom |
| 10:56 | Build | Mill |
| 11:46 | Build | Market |
| 11:49 | Build | Blacksmith |
| 12:10 | Research | Castle Age |
| 12:10 | Research | Castle Age |
| 12:57 | Queue | Villager (Male) |
| 12:57 | Queue | Villager (Male) |
| 13:10 | Build | Mining Camp |
| 13:33 | Research | Double-Bit Axe |
| 13:33 | Research | Double-Bit Axe |
| 14:50 | Age | Castle Age |
| 15:30 | Build | House |
| 15:39 | Queue | Villager (Male) |
| 15:39 | Queue | Villager (Male) |
| 16:04 | Build | Stone Wall |
| 16:11 | Queue | Villager (Male) |
| 16:29 | Build | Farm |
| 16:29 | Build | Farm |
| 16:29 | Build | Farm |
| 16:50 | Queue | Villager (Male) |
| 16:55 | Build | Farm |
| 17:27 | Queue | Villager (Male) |
| 17:28 | Queue | Villager (Male) |
| 17:37 | Build | House |
| 17:43 | Build | House |
| 17:56 | Build | Town Center |
| 18:07 | Build | Farm |
| 18:07 | Build | Farm |
| 18:07 | Build | Farm |
| 18:14 | Build | Farm |
| 18:25 | Queue | Villager (Male) |
| 18:26 | Queue | Villager (Male) |
| 18:44 | Research | Horse Collar |
| 18:55 | Build | Stone Wall |
| 19:04 | Queue | Villager (Male) |
| 19:04 | Queue | Villager (Male) |
| 19:07 | Queue | Villager (Male) |
| 19:20 | Queue | Villager (Male) |
| 19:40 | Queue | Villager (Male) |
| 19:40 | Queue | Villager (Male) |
| 19:45 | Build | House |
| 19:45 | Build | House |
| 19:45 | Build | House |
| 20:23 | Build | Town Center |
| 20:50 | Queue | Villager (Male) |
| 20:51 | Queue | Villager (Male) |
| 21:12 | Build | Castle |
| 22:06 | Build | Barracks |
| 22:44 | Queue | Conquistador |
| 22:44 | Queue | Conquistador |
| 22:44 | Queue | Conquistador |
| 22:44 | Queue | Conquistador |
| 22:45 | Queue | Conquistador |
| 23:14 | Queue | Villager (Male) |
| 23:14 | Queue | Villager (Male) |
| 23:35 | Build | Farm |
| 24:08 | Queue | Villager (Male) |
| 24:08 | Queue | Villager (Male) |
| 24:08 | Queue | Villager (Male) |
| 24:44 | Build | Farm |
| 24:44 | Build | Farm |
| 24:49 | Queue | Villager (Male) |
| 24:49 | Queue | Villager (Male) |
| 24:50 | Queue | Villager (Male) |
| 24:50 | Queue | Villager (Male) |
| 25:15 | Queue | Conquistador |
| 25:16 | Queue | Conquistador |
| 25:51 | Queue | Conquistador |
| 25:52 | Queue | Conquistador |
| 26:27 | Queue | Conquistador |
| 26:27 | Queue | Conquistador |
| 26:46 | Build | Farm |
| 26:46 | Build | Farm |
| 26:46 | Build | Farm |
| 27:30 | Queue | Conquistador |
| 27:30 | Queue | Conquistador |
| 27:31 | Queue | Conquistador |
| 28:02 | Queue | Conquistador |
| 28:02 | Queue | Conquistador |
| 28:03 | Queue | Villager (Male) |
| 28:03 | Queue | Villager (Male) |
| 28:12 | Build | Farm |
| 28:13 | Build | Farm |
| 28:20 | Build | Farm |
| 28:20 | Build | Farm |
| 28:20 | Build | Farm |
| 28:21 | Build | Farm |
| 28:21 | Build | Farm |
| 28:21 | Build | Farm |
| 28:21 | Build | Farm |
| 28:22 | Build | Farm |
| 28:35 | Build | Castle |
| 28:42 | Queue | Conquistador ×2 |
| 29:06 | Queue | Conquistador |
| 29:11 | Research | Padded Archer Armor |
| 29:34 | Queue | Villager (Male) |
| 29:35 | Queue | Villager (Male) |
| 29:46 | Queue | Conquistador ×2 |
| 31:07 | Queue | Villager (Male) |
| 31:08 | Queue | Villager (Male) |
| 31:09 | Queue | Conquistador ×5 |
| 31:57 | Queue | Conquistador ×5 |
| 31:59 | Research | Leather Archer Armor |
| 32:21 | Build | Farm |
| 32:58 | Queue | Conquistador ×5 |
| 33:13 | Queue | Villager (Male) |
| 33:13 | Queue | Villager (Male) |
| 33:13 | Queue | Villager (Male) |
| 33:13 | Queue | Villager (Male) |
| 34:06 | Build | Farm |
| 34:27 | Build | Farm |
| 34:27 | Build | Farm |
| 34:31 | Research | Heavy Plow |
| 35:03 | Queue | Villager (Male) |
Build order — 17882110426
122 actions detected in the replay
| 0:26 | Queue | Villager (Male) |
| 0:26 | Queue | Villager (Male) |
| 0:27 | Queue | Villager (Male) |
| 0:27 | Queue | Villager (Male) |
| 0:27 | Queue | Villager (Male) |
| 1:11 | Build | House |
| 1:42 | Queue | Villager (Male) |
| 1:50 | Build | House |
| 3:31 | Build | Mill |
| 4:22 | Queue | Villager (Male) |
| 4:25 | Queue | Villager (Male) |
| 4:26 | Queue | Villager (Male) |
| 4:26 | Queue | Villager (Male) |
| 5:05 | Queue | Villager (Male) |
| 5:05 | Queue | Villager (Male) |
| 5:06 | Queue | Villager (Male) |
| 5:33 | Queue | Villager (Male) |
| 5:33 | Queue | Villager (Male) |
| 5:34 | Queue | Villager (Male) |
| 6:07 | Queue | Villager (Male) |
| 6:51 | Build | Lumber Camp |
| 7:07 | Build | House |
| 8:04 | Queue | Villager (Male) |
| 8:04 | Queue | Villager (Male) |
| 8:05 | Queue | Villager (Male) |
| 8:05 | Queue | Villager (Male) |
| 8:05 | Queue | Villager (Male) |
| 8:06 | Queue | Villager (Male) |
| 8:35 | Build | Farm |
| 8:45 | Build | Farm |
| 8:50 | Build | Farm |
| 10:46 | Build | House |
| 10:52 | Build | House |
| 10:53 | Build | House |
| 11:13 | Research | Loom |
| 11:50 | Build | Mining Camp |
| 12:11 | Queue | Villager (Male) |
| 12:11 | Queue | Villager (Male) |
| 12:11 | Queue | Villager (Male) |
| 12:12 | Queue | Villager (Male) |
| 12:23 | Build | House |
| 13:01 | Build | Farm |
| 13:05 | Build | Farm |
| 13:09 | Build | Farm |
| 13:26 | Build | Farm |
| 13:43 | Build | Farm |
| 14:15 | Build | Farm |
| 14:29 | Research | Feudal Age |
| 14:29 | Research | Feudal Age |
| 16:39 | Age | Feudal Age |
| 16:47 | Build | Town Center |
| 16:58 | Queue | Villager (Male) |
| 16:58 | Queue | Villager (Male) |
| 16:59 | Queue | Villager (Male) |
| 16:59 | Queue | Villager (Male) |
| 16:59 | Queue | Villager (Male) |
| 17:00 | Queue | Villager (Male) |
| 17:00 | Queue | Villager (Male) |
| 17:00 | Queue | Villager (Male) |
| 17:01 | Queue | Villager (Male) |
| 17:32 | Build | Farm |
| 17:43 | Build | Farm |
| 17:47 | Build | Farm |
| 17:52 | Build | Farm |
| 18:07 | Research | Horse Collar |
| 20:12 | Build | Barracks |
| 20:44 | Build | Outpost |
| 21:12 | Build | House |
| 21:45 | Build | Archery Range |
| 22:27 | Research | Wheelbarrow |
| 22:37 | Research | Double-Bit Axe |
| 22:49 | Queue | Villager (Male) |
| 22:49 | Queue | Villager (Male) |
| 22:49 | Queue | Villager (Male) |
| 22:50 | Queue | Villager (Male) |
| 22:50 | Queue | Villager (Male) |
| 22:50 | Queue | Villager (Male) |
| 22:51 | Queue | Villager (Male) |
| 22:51 | Queue | Villager (Male) |
| 22:51 | Queue | Villager (Male) |
| 22:53 | Queue | Villager (Male) |
| 24:28 | Build | Farm |
| 24:48 | Build | Farm |
| 24:53 | Queue | Villager (Male) |
| 24:54 | Queue | Villager (Male) |
| 24:54 | Queue | Villager (Male) |
| 24:54 | Queue | Villager (Male) |
| 24:55 | Queue | Villager (Male) |
| 24:55 | Queue | Villager (Male) |
| 24:55 | Queue | Villager (Male) |
| 24:56 | Queue | Villager (Male) |
| 24:56 | Queue | Villager (Male) |
| 24:57 | Queue | Villager (Male) |
| 24:57 | Queue | Villager (Male) |
| 24:58 | Queue | Villager (Male) |
| 24:58 | Queue | Villager (Male) |
| 25:02 | Queue | Villager (Male) |
| 25:02 | Queue | Villager (Male) |
| 25:03 | Queue | Villager (Male) |
| 25:03 | Queue | Villager (Male) |
| 25:03 | Queue | Villager (Male) |
| 25:04 | Queue | Villager (Male) |
| 25:04 | Queue | Villager (Male) |
| 25:04 | Queue | Villager (Male) |
| 25:05 | Queue | Villager (Male) |
| 25:05 | Queue | Villager (Male) |
| 25:05 | Queue | Villager (Male) |
| 25:06 | Queue | Villager (Male) |
| 25:06 | Queue | Villager (Male) |
| 25:06 | Queue | Villager (Male) |
| 25:06 | Queue | Villager (Male) |
| 25:59 | Build | Stable |
| 26:24 | Build | Blacksmith |
| 26:57 | Research | Castle Age |
| 27:05 | Research | Castle Age |
| 27:26 | Build | Market |
| 28:49 | Queue | Trade Cart |
| 28:49 | Queue | Trade Cart |
| 28:50 | Queue | Trade Cart |
| 28:50 | Queue | Trade Cart |
| 28:59 | Build | House |
| 29:11 | Build | House |
Build order — Haseki Hürrem Sultan
First 150 of 271 actions detected
| 0:02 | Queue | Villager (Male) |
| 0:02 | Queue | Villager (Male) |
| 0:02 | Queue | Villager (Male) |
| 0:02 | Queue | Villager (Male) |
| 0:03 | Queue | Villager (Male) |
| 0:04 | Build | House |
| 0:05 | Build | House |
| 1:25 | Queue | Villager (Male) |
| 1:57 | Queue | Villager (Male) |
| 2:29 | Queue | Villager (Male) |
| 2:41 | Queue | Villager (Male) |
| 2:50 | Queue | Villager (Male) |
| 2:58 | Build | House |
| 3:00 | Build | House |
| 3:26 | Queue | Villager (Male) |
| 3:50 | Build | Mill |
| 3:55 | Queue | Villager (Male) |
| 4:06 | Queue | Villager (Male) |
| 4:23 | Queue | Villager (Male) |
| 4:34 | Queue | Villager (Male) |
| 6:06 | Queue | Villager (Male) |
| 6:08 | Queue | Villager (Male) |
| 6:24 | Build | House |
| 6:54 | Build | Lumber Camp |
| 7:38 | Research | Feudal Age |
| 8:21 | Build | Mill |
| 8:41 | Build | Mining Camp |
| 9:41 | Age | Feudal Age |
| 9:45 | Research | Loom |
| 9:45 | Queue | Villager (Male) |
| 9:45 | Queue | Villager (Male) |
| 10:05 | Build | House |
| 10:11 | Build | Blacksmith |
| 11:15 | Queue | Villager (Male) |
| 11:15 | Queue | Villager (Male) |
| 12:13 | Queue | Villager (Male) |
| 13:14 | Build | Market |
| 13:19 | Queue | Villager (Male) |
| 13:33 | Research | Castle Age |
| 13:40 | Build | Mining Camp |
| 14:09 | Build | Stone Wall |
| 15:11 | Build | Stone Wall |
| 15:55 | Build | Stone Wall |
| 16:07 | Age | Castle Age |
| 16:11 | Build | Stone Wall |
| 16:17 | Queue | Villager (Male) |
| 16:17 | Queue | Villager (Male) |
| 16:22 | Research | Double-Bit Axe |
| 17:03 | Build | House |
| 17:05 | Build | Farm |
| 17:07 | Research | Horse Collar |
| 17:22 | Build | Gate |
| 17:45 | Queue | Villager (Male) |
| 17:48 | Build | Farm |
| 18:19 | Build | Town Center |
| 18:28 | Queue | Villager (Male) |
| 18:38 | Build | Gate |
| 19:01 | Build | Stone Wall |
| 19:05 | Build | Stone Wall |
| 19:19 | Build | Stone Wall |
| 19:28 | Build | Stone Wall |
| 19:49 | Queue | Villager (Male) |
| 19:49 | Queue | Villager (Male) |
| 20:12 | Queue | Villager (Male) |
| 20:24 | Queue | Villager (Male) |
| 20:24 | Queue | Villager (Male) |
| 20:53 | Build | Stone Wall |
| 21:03 | Build | Stone Wall |
| 21:12 | Queue | Villager (Male) |
| 21:12 | Queue | Villager (Male) |
| 21:22 | Build | Barracks |
| 21:25 | Queue | Villager (Male) |
| 21:25 | Queue | Villager (Male) |
| 21:28 | Build | Farm |
| 21:29 | Build | Farm |
| 22:18 | Build | Farm |
| 22:19 | Build | Farm |
| 22:19 | Build | Farm |
| 22:20 | Build | Farm |
| 22:43 | Build | Farm |
| 22:46 | Queue | Spearman |
| 22:49 | Queue | Spearman |
| 23:05 | Build | Gate |
| 23:23 | Build | House |
| 23:25 | Build | House |
| 23:26 | Build | House |
| 23:44 | Build | Castle |
| 24:28 | Build | Stone Wall |
| 24:30 | Queue | Villager (Male) |
| 24:30 | Queue | Villager (Male) |
| 24:30 | Queue | Villager (Male) |
| 25:22 | Research | Stone Mining |
| 25:24 | Queue | Villager (Male) |
| 25:24 | Queue | Villager (Male) |
| 25:24 | Queue | Villager (Male) |
| 25:24 | Queue | Villager (Male) |
| 26:04 | Build | Farm |
| 26:04 | Build | Farm |
| 26:05 | Build | Farm |
| 26:06 | Build | Farm |
| 26:09 | Build | Farm |
| 26:12 | Research | Heavy Plow |
| 26:37 | Build | Stone Wall |
| 27:08 | Build | Stone Wall |
| 27:15 | Build | Gate |
| 27:25 | Research | Bow Saw |
| 27:51 | Build | Gate |
| 28:02 | Queue | Villager (Male) |
| 28:03 | Queue | Villager (Male) |
| 28:03 | Queue | Villager (Male) |
| 28:04 | Queue | Villager (Male) |
| 28:05 | Queue | Villager (Male) |
| 28:06 | Queue | Villager (Male) |
| 29:18 | Build | Farm |
| 29:19 | Build | Farm |
| 29:20 | Build | Farm |
| 29:36 | Build | Farm |
| 29:37 | Build | Farm |
| 29:40 | Build | Farm |
| 30:01 | Build | Farm |
| 30:03 | Queue | Villager (Male) |
| 30:03 | Queue | Villager (Male) |
| 30:04 | Queue | Villager (Male) |
| 30:04 | Queue | Villager (Male) |
| 30:39 | Build | Barracks |
| 30:41 | Queue | Spearman |
| 30:42 | Queue | Spearman |
| 30:42 | Queue | Spearman |
| 31:30 | Research | Pikeman (upgrade) |
| 31:54 | Build | Barracks |
| 31:58 | Research | Scale Mail Armor |
| 32:20 | Queue | Spearman |
| 32:20 | Queue | Spearman |
| 32:22 | Queue | Spearman |
| 32:22 | Queue | Spearman |
| 32:47 | Queue | Spearman |
| 32:48 | Queue | Spearman |
| 32:55 | Queue | Villager (Male) |
| 32:56 | Queue | Villager (Male) |
| 32:56 | Queue | Villager (Male) |
| 33:06 | Queue | Spearman |
| 33:06 | Queue | Spearman |
| 33:06 | Queue | Spearman |
| 33:07 | Queue | Spearman |
| 33:22 | Build | Lumber Camp |
| 33:26 | Build | Farm |
| 33:39 | Queue | Villager (Male) |
| 33:39 | Queue | Villager (Male) |
| 33:40 | Queue | Villager (Male) |
| 33:40 | Queue | Villager (Male) |
Match timeline
| 6:17 | CDLP_Themachine · wall_segment Palisade Wall x5 |
| 6:56 | CDLP_Themachine · wall_segment Palisade Wall x14 |
| 7:39 | Maximus · wall_segment Palisade Wall x12 |
| 8:24 | HaweN · first_building Barracks |
| 9:26 | HaweN · wall_segment Palisade Wall x9 |
| 9:36 | HaweN · wall_segment Palisade Wall x9 |
| 9:41 | Haseki Hürrem Sultan · age_up feudal |
| 10:15 | α · age_up feudal |
| 10:22 | HaweN · age_up feudal |
| 10:26 | HaweN · wall_segment Palisade Wall x9 |
| 10:27 | Deltamale · age_up feudal |
| 10:36 | Maximus · age_up feudal |
| 11:10 | HaweN · first_building Stable |
| 11:14 | CDLP_Themachine · wall_segment Palisade Wall x1 |
| 11:36 | Efyix · age_up feudal |
| 11:36 | CDLP_Themachine · wall_segment Palisade Wall x1 |
| 11:45 | CDLP_Themachine · age_up feudal |
| 12:08 | CDLP_Themachine · wall_segment Palisade Wall x5 |
| 12:49 | Efyix · first_market_sell 100 stone |
| 13:11 | CDLP_Themachine · wall_segment Palisade Wall x6 |
| 14:09 | Haseki Hürrem Sultan · wall_segment Stone Wall x12 |
| 14:11 | α · age_up castle |
| 14:15 | α · wall_segment Palisade Wall x14 |
| 14:19 | CDLP_Themachine · first_building Barracks |
| 14:46 | HaweN · wall_segment Stone Wall x5 |
| 14:50 | Deltamale · age_up castle |
| 15:11 | Haseki Hürrem Sultan · wall_segment Stone Wall x16 |
| 15:13 | Efyix · wall_segment Palisade Wall x4 |
| 15:17 | Maximus · wall_segment Palisade Wall x14 |
| 15:24 | HaweN · first_market_buy 100 food |
| 15:28 | Maximus · wall_segment Palisade Wall x22 |
| 15:42 | CDLP_Themachine · age_up castle |
| 15:52 | α · wall_segment Palisade Wall x19 |
| 15:52 | Efyix · age_up castle |
| 15:55 | CDLP_Themachine · first_building Stable |
| 15:55 | Haseki Hürrem Sultan · wall_segment Stone Wall x12 |
| 16:03 | α · wall_segment Palisade Wall x6 |
| 16:04 | Deltamale · wall_segment Stone Wall x24 |
| 16:07 | Haseki Hürrem Sultan · age_up castle |
| 16:11 | Haseki Hürrem Sultan · wall_segment Stone Wall x22 |
| 16:23 | Efyix · wall_segment Palisade Wall x13 |
| 16:36 | Maximus · first_building Barracks |
| 16:39 | 17882110426 · age_up feudal |
| 16:59 | Maximus · age_up castle |
| 18:02 | Haseki Hürrem Sultan · first_market_buy 100 wood |
| 18:07 | HaweN · age_up castle |
| 18:09 | Maximus · wall_segment Palisade Wall x6 |
| 18:16 | α · first_building Monastery |
| 18:40 | α · first_market_buy 100 food |
| 18:55 | Deltamale · wall_segment Stone Wall x13 |
| 19:01 | Haseki Hürrem Sultan · wall_segment Stone Wall x6 |
| 19:05 | Haseki Hürrem Sultan · wall_segment Stone Wall x10 |
| 19:19 | Haseki Hürrem Sultan · wall_segment Stone Wall x23 |
| 19:28 | Haseki Hürrem Sultan · wall_segment Stone Wall x13 |
| 19:52 | Maximus · first_market_buy 100 food |
| 20:12 | 17882110426 · first_building Barracks |
| 20:53 | Haseki Hürrem Sultan · wall_segment Stone Wall x6 |
| 21:03 | Haseki Hürrem Sultan · wall_segment Stone Wall x14 |
| 21:12 | Deltamale · first_building Castle |
| 21:17 | HaweN · first_building Castle |
| 21:20 | Efyix · wall_segment Stone Wall x3 |
| 21:22 | Haseki Hürrem Sultan · first_building Barracks |
| 21:27 | Maximus · wall_segment Stone Wall x8 |
| 21:29 | Maximus · wall_segment Stone Wall x9 |
| 21:45 | 17882110426 · first_building Archery Range |
| 22:06 | Deltamale · first_building Barracks |
| 23:44 | Haseki Hürrem Sultan · first_building Castle |
| 23:52 | Efyix · first_building Barracks |
| 23:53 | Maximus · wall_segment Stone Wall x13 |
| 23:54 | CDLP_Themachine · first_building Monastery |
| 24:20 | α · first_building Castle |
| 24:23 | Maximus · first_building Stable |
| 24:28 | Haseki Hürrem Sultan · wall_segment Stone Wall x11 |
| 25:13 | Efyix · first_building Castle |
| 25:59 | 17882110426 · first_building Stable |
| 26:37 | Haseki Hürrem Sultan · wall_segment Stone Wall x6 |
| 27:08 | Haseki Hürrem Sultan · wall_segment Stone Wall x5 |
| 28:19 | Efyix · first_building Archery Range |
| 28:25 | 17882110426 · first_market_sell 100 food |
| 28:37 | Efyix · first_building Stable |
| 28:41 | 17882110426 · first_market_buy 100 wood |
| 29:28 | Maximus · first_building Castle |
| 29:46 | 17882110426 · resign |
| 30:28 | Maximus · wall_segment Stone Wall x24 |
| 30:31 | Maximus · wall_segment Stone Wall x8 |
| 30:57 | α · first_market_sell 500 wood |
| 31:10 | α · wall_segment Palisade Wall x1 |
| 31:12 | α · wall_segment Palisade Wall x1 |
| 31:16 | α · wall_segment Palisade Wall x1 |
| 31:17 | α · wall_segment Palisade Wall x1 |
| 31:19 | α · wall_segment Palisade Wall x1 |
| 31:21 | α · wall_segment Palisade Wall x1 |
| 31:22 | α · wall_segment Palisade Wall x1 |
| 31:24 | α · wall_segment Palisade Wall x1 |
| 31:31 | α · wall_segment Palisade Wall x1 |
| 33:27 | CDLP_Themachine · first_building Castle |
| 33:54 | Maximus · age_up imperial |
| 34:34 | α · age_up imperial |
| 34:55 | CDLP_Themachine · age_up imperial |
| 35:25 | Efyix · age_up imperial |
| 36:10 | HaweN · age_up imperial |
| 36:39 | HaweN · first_building Archery Range |
| 37:10 | α · first_building Barracks |
| 37:29 | HaweN · first_market_sell 100 food |
| 38:14 | α · first_building Stable |
| 39:17 | HaweN · first_building Siege Workshop |
| 39:34 | Deltamale · age_up imperial |
| 40:03 | HaweN · wall_segment Stone Wall x9 |
[ AI ANALYSIS · 1 CREDIT ]
What really happened in this match?
Wolo.gg analyzes every decision: build order, eco, micro, common mistakes by bracket. Personalized analysis on WhatsApp or Discord in 30 seconds.
Civ guide
Khmer
Perfil
CDLP_Themachine